 Dungeon Crawl Stone Soup version 0.19.4-12-gccf7e64 (console) character file.

947 Grinner the Shield-Bearer (level 7, -7/88 HPs)
             Began as a Troll Fighter on Feb 28, 2017.
             Mangled by Menkaure (9 damage)
             ... on level 4 of the Dungeon.
             The game lasted 00:08:19 (3007 turns).

Grinner the Shield-Bearer (Troll Fighter)           Turns: 3007, Time: 00:08:20

Health: -7/88      AC:  5    Str: 28    XL:     7   Next: 89%
Magic:  6/6        EV:  9    Int:  6    God:
Gold:   197        SH: 10    Dex:  9    Spells: 0 memorised, 6 levels left

rFire  . . .     SeeInvis .       - Unarmed
rCold  . . .     Gourm    +     a - +0 robe
rNeg   . . .     Faith    .     b - +0 shield
rPois  .         Spirit   .     (helmet restricted)
rElec  .         Reflect  .     (no cloak)
rCorr  .         Harm     .     (gloves unavailable)
MR     .....     Clarity  +     (boots unavailable)
Stlth  ..........               (no amulet)
                                (no ring)
                                (no ring)

@: berserking, very slightly contaminated, hasted, very quick
A: unfitting armour, claws 3, clarity, fast metabolism 3, frail 1, gourmand,
regeneration 1, shaggy fur 1, tough skin 2, weak 1, MP-powered wands
a: no special abilities


You were on level 4 of the Dungeon.
You were not hungry.

You visited 1 branch of the dungeon, and saw 4 of its levels.

You collected 197 gold pieces.

Inventory:

Armour
 a - a +0 robe (worn)
 b - a +0 shield (worn)
Scrolls
 e - 2 scrolls of amnesia {unknown}
 f - 4 scrolls of teleportation {unknown}
 g - a scroll of recharging {unknown}
 i - 2 scrolls of identify {unknown}
 p - 2 scrolls of immolation {unknown}
 q - a scroll of random uselessness {unknown}
 r - 2 scrolls of fear {unknown}
 s - a scroll of noise {unknown}
 t - a scroll of magic mapping {unknown}
 u - 3 scrolls of remove curse {unknown}
Potions
 c - a potion of agility {unknown}
 k - a potion of flight {unknown}
 o - a potion of berserk rage
Comestibles
 d - 7 bread rations
 l - a slice of pizza
 m - 2 meat rations


   Skills:
 - Level 2.4 Fighting
 - Level 2.4 Dodging
 * Level 6.6 Shields
 + Level 5.6 Unarmed Combat


You had 6 spell levels left.
You didn't know any spells.

Dungeon Overview and Level Annotations

Branches:
Dungeon (4/15)
 Temple: D:4-7

Altars:
Dithmenos

Annotations:
D:4 Menkaure


Innate Abilities, Weirdness & Mutations

You are too large for most types of armour.
You have claws for hands.
Your metabolism is lightning-fast.
You like to eat raw meat.
Your natural rate of healing is unusually fast.
You are covered in fur. (AC +1)
You have very tough skin. (AC +2)
You possess an exceptional clarity of mind.
You are frail. (-10% HP)
You are weak. (Str -2)
You expend magic power (3 MP) to strengthen your wands.


Message History

You feel your magical essence link to your wands.
The orc barely misses you.
You feel extremely strange.
You feel less resistant to hostile enchantments.
You feel frail. The orc misses you.
Menkaure mumbles some strange words.
Menkaure seems to speed up.
You mangle the orc!!
You kill the orc!
It was a potion of haste.
You feel yourself speed up. Menkaure hits you!
* * * LOW HITPOINT WARNING * * *
You are very lightly contaminated with residual magic.
It was a potion of berserk rage.
A red film seems to cover your vision as you go berserk!
You feel yourself moving faster!
You feel mighty! You block Menkaure's attack.
You mangle Menkaure!!
Menkaure is almost destroyed.
Menkaure hits you!
You die...

#... #... #.. #.. #.#
#.##. #.# #.##.
####.#####.#.. #.##.
#....@M.o..... #....
#.##.##o##.### #..#.
##.##.##.# #....
#.........# #######....
#.#######..............
#.# #.##.#######.#. #.#
... ...####... ##.#
#.##.##.#...... #..#
#.........#####


You could see Menkaure and 2 orcs.

Vanquished Creatures
  The ghost of CanOfBees the Skirmisher, an amateur OgHu of Okawaru (D:4)
  Sigmund (D:4)
  Purgy (D:4)
  A scorpion (D:4)
  A jelly (D:3)
  A crimson imp (D:4)
  A gnoll shaman (D:4)
  A hound (D:4)
  Natasha (thrice) (D:2)
  Robin (D:3)
  3 gnolls (D:4)
  4 adders
  2 dart slugs
  2 worms
  3 leopard geckos
  An orc (D:4)
  10 giant cockroaches
  18 goblins
  9 hobgoblins
  5 jackals
  2 quokkas
  A ball python (D:2)
  14 bats
  A frilled lizard (D:4)
  A jackal skeleton (D:4)
  11 kobolds
  9 rats
108 creatures vanquished.

Notes
Turn   | Place    | Note
-------+----------+-------------------------------------------
     0 | D:1      | Grinner the Troll Fighter began the quest for the Orb.
     0 | D:1      | Reached XP level 1. HP: 22/22 MP: 0/0
    97 | D:1      | Reached XP level 2. HP: 22/29 MP: 1/1
   632 | D:1      | Reached skill level 3 in Shields
   737 | D:2      | Reached XP level 3. HP: 36/36 MP: 2/2
   786 | D:2      | Noticed Natasha
   801 | D:2      | Killed Natasha
   969 | D:2      | Reached XP level 4. HP: 38/44 MP: 3/3
  1183 | D:2      | Noticed Natasha
  1199 | D:2      | Killed Natasha
  1199 | D:2      | Reached skill level 4 in Shields
  1393 | D:2      | Noticed Natasha
  1403 | D:2      | Killed Natasha
  1403 | D:2      | Reached XP level 5. HP: 45/50 MP: 4/4
  1466 | D:3      | Found a shadowy altar of Dithmenos.
  1505 | D:3      | Noticed Robin
  1541 | D:3      | Killed Robin
  2249 | D:4      | Noticed CanOfBees's ghost (amateur OgHu)
  2274 | D:4      | Killed CanOfBees's ghost
  2274 | D:4      | Reached skill level 5 in Shields
  2274 | D:4      | Reached XP level 6. HP: 10/59 MP: 5/5
  2368 | D:4      | Reached XP level 7. HP: 66/66 MP: 6/6
  2389 | D:4      | Reached skill level 5 in Unarmed Combat
  2466 | D:4      | Noticed Purgy
  2476 | D:4      | Killed Purgy
  2476 | D:4      | Reached skill level 6 in Shields
  2818 | D:4      | Noticed Sigmund
  2829 | D:4      | Killed Sigmund
  2992 | D:4      | Noticed Menkaure
  3001 | D:4      | Gained mutation: You tend to lose your temper in combat. [potion of mutation]
  3001 | D:4      | Gained mutation: You are resistant to hostile enchantments. (MR+) [potion of mutation]
  3001 | D:4      | Lost mutation: You tend to lose your temper in combat. [potion of mutation]
  3002 | D:4      | Gained mutation: You possess an exceptional clarity of mind. [potion of mutation]
  3002 | D:4      | Gained mutation: You are weak. (Str -2) [potion of mutation]
  3002 | D:4      | Gained mutation: You expend magic power (3 MP) to strengthen your wands. [potion of mutation]
  3003 | D:4      | Lost mutation: You are resistant to hostile enchantments. (MR+) [potion of mutation]
  3003 | D:4      | Gained mutation: You are frail. (-10% HP) [potion of mutation]
  3005 | D:4      | HP: 1/59 [Menkaure (11)]
  3007 | D:4      | Mangled by Menkaure

Skill      XL: |  1  2  3  4  5  6  7 |
---------------+----------------------+-----
Shields        | 3 4 5 6 |  6.6
Unarmed Combat | 3 4 5 |  5.6
Fighting       | |  2.4
Dodging        | |  2.4

Action                   |  1- 3 |  4- 6 |  7- 9 || total
-------------------------+-------+-------+-------++-------
Melee: Unarmed           |   112 |   210 |    65 ||   387
  Use: Potion            |       |     2 |    10 ||    12
  Eat: Chunk             |    12 |    11 |     4 ||    27
Armor: Robe              |    29 |    56 |    13 ||    98
       Skin              |       |       |     9 ||     9
Dodge: Dodged            |    21 |    72 |    19 ||   112
Block: Shield            |    60 |   118 |    27 ||   205
